 Dungeon Crawl Stone Soup version 0.21.1-1-g345015f (webtiles) character file.

1246 Mgcat the Fighter (level 8, -2/93 HPs)
             Began as an Octopode Berserker on Feb 9, 2018.
             Was an Elder of Trog.
             Slain by a bullfrog (5 damage)
             ... on level 6 of the Dungeon.
             The game lasted 00:13:09 (5512 turns).

Mgcat the Fighter (Octopode Berserker)              Turns: 5512, Time: 00:13:11

Health: -2/93      AC:  1    Str: 30    XL:     8   Next: 50%
Magic:  8/8        EV: 15    Int: 10    God:    Trog [****..]
Gold:   257        SH:  0    Dex: 13    Spells: 7/7 levels left

rFire    . . .     SeeInvis .   y - +0 dagger (venom)
rCold    . . .     Gourm    .   (no shield)
rNeg     . . .     Faith    .   (helmet restricted)
rPois    +         Spirit   .   (no amulet)
rElec    .         Reflect  .   t - +4 ring of strength
rCorr    .         Harm     .   w - ring of poison resistance {rPois, !d}
MR       ++...                  E - +5 ring of strength
Stlth    ..........             H - +1 ring of evasion
HPRegen  1.25/turn              (no ring)
MPRegen  0.11/turn              (no ring)
                                (no ring)
                                (no ring)

@: berserking, regenerating, very quick
A: almost no armour, stealthy swim, amphibious, 8 rings, constrict 8, camouflage
1, gelatinous body 1
a: Berserk, Trog's Hand, Brothers in Arms, Burn Spellbooks, Renounce Religion


You were on level 6 of the Dungeon.
You worshipped Trog.
Trog was greatly pleased with you.
You were very hungry.

You visited 1 branch of the dungeon, and saw 6 of its levels.
You also visited: Ossuary.

You collected 257 gold pieces.

Inventory:

Hand Weapons
 g - a +0 hunting sling
   (You took it off a goblin on level 2 of the Dungeon)
 y - a +0 dagger of venom (weapon)
   (You took it off an orc priest on level 3 of the Dungeon)
Missiles
 q - 158 stones (quivered)
 s - 42 sling bullets
 x - 2 throwing nets {=f, !d}
Jewellery
 t - a +4 ring of strength (left tentacle)
   (You found it on level 3 of the Dungeon)
 w - a ring of poison resistance (right tentacle) {rPois, !d}
   (You found it on level 3 of the Dungeon)
 E - a +5 ring of strength (on tentacle)
   (You found it on level 5 of the Dungeon)
 H - a +1 ring of evasion (on tentacle)
   (You found it on level 6 of the Dungeon)
Wands
 o - a wand of flame (29)
   (You took it off Natasha on level 4 of the Dungeon)
 G - a wand of iceblast (2)
   (You found it on level 6 of the Dungeon)
Scrolls
 a - 3 scrolls of enchant weapon {unknown}
 c - 3 scrolls of remove curse
 e - 4 scrolls of blinking {unknown}
 i - 2 scrolls of noise {!r}
 j - 8 scrolls of identify
 k - 3 scrolls of teleportation
 m - 2 scrolls of immolation {unknown}
 r - a scroll of magic mapping {unknown}
 B - a scroll of fear {unknown}
 C - a scroll of brand weapon {unknown}
Potions
 d - 2 potions of degeneration {unknown}
 f - 2 potions of magic {unknown}
 h - 6 potions of curing {unknown}
 l - 2 potions of lignification {unknown}
 n - 2 potions of berserk rage {unknown}
 p - a potion of cancellation {unknown}
 u - 2 potions of haste {unknown}
 v - a potion of brilliance {unknown}
 z - a potion of mutation {unknown}
 A - a potion of heal wounds
 D - a potion of invisibility {unknown}
Comestibles
 b - 10 rations
 F - 4 chunks of flesh {@w0}


   Skills:
 + Level 8.4 Fighting
   Level 6.8 Long Blades
 - Level 3.0 Dodging


You had 7 spell levels left.
You didn't know any spells.

Dungeon Overview and Level Annotations

Branches:
Dungeon (6/15)             Temple (0/1) D:5

Altars:
Qazlal

Shops:
D:4 [


Innate Abilities, Weirdness & Mutations

You cannot wear most types of armour.
You are very stealthy in the water. (Stealth+)
You are amphibious.
You can wear up to eight rings at the same time.
You can use your tentacles to constrict eight enemies at once.
Your skin changes colour to match your surroundings (Stealth+).
Your rubbery body absorbs attacks. (AC +1, EV +1)


Message History

The shadow imp shouts!
The shadow imp barely misses you.
An iguana comes into view.
The iguana hisses angrily.
You hit the shadow imp. You grab the shadow imp.
The shadow imp is lightly wounded.
You constrict the shadow imp. The shadow imp completely misses you.
You hit the shadow imp.
You squeeze the shadow imp, but do no damage.
The shadow imp is moderately wounded.
You constrict the shadow imp.
The shadow imp shouts, "Flee, thou gorbellied dismal-dreaming coxcomb!"
The shadow imp barely misses you.
You hit the shadow imp.
The shadow imp is severely wounded.
You constrict the shadow imp.
You kill the shadow imp!
Trog accepts your kill. The iguana closely misses you.
You barely miss the iguana. Your grab misses the iguana.
The iguana barely misses you.
You hit the iguana.
The iguana is poisoned.
You grab the iguana.
The iguana is moderately wounded.
You constrict the iguana. The iguana misses you.
You hit the iguana but do no damage.
The iguana looks as sick as possible!
The iguana is heavily wounded.
You constrict the iguana. The iguana closely misses you.
You hit the iguana but do no damage.
The iguana looks as sick as possible!
You squeeze the iguana, but do no damage.
The iguana is severely wounded.
You constrict the iguana.
You kill the iguana!
Trog accepts your kill.
No target in view!
No target in view!
You butcher the iguana corpse.
F - 7 chunks of flesh {@w0} (gained 2)
x - 2 throwing nets {=f, !d} (gained 1) Some of the chunks of flesh in your inventory have rotted away.
q - 135 stones (gained 16)
Found a glowing ring mail.
j - 8 scrolls of identify (gained 1)
You now have 257 gold pieces (gained 10).
Found a stone staircase leading up.
G - a wand of iceblast (2)
a - 3 scrolls labeled NUT QAAGRAUBB (gained 1)
H - a copper ring
q - 158 stones (gained 23)
You open the door.
A bullfrog and a centaur come into view.
The centaur wields a shortbow.
The centaur shoots an arrow.
The arrow hits you!
The centaur shoots an arrow.
The arrow hits you!
The bullfrog gives a loud, deep croak!
Put on which piece of jewellery? (? for menu, Esc to quit)
H - a +1 ring of evasion (on tentacle)
The centaur shoots an arrow.
The arrow closely misses you.
The centaur unwields an uncursed shortbow.
The centaur completely misses you. The centaur closely misses you.
You hit the centaur.
The centaur is poisoned.
The centaur is lightly wounded.
The bullfrog misses you. The centaur closely misses you.
You closely miss the centaur.
The centaur is lightly wounded.
The bullfrog hits you! The centaur barely misses you.
You hit the centaur but do no damage.
The centaur looks even sicker.
The centaur is moderately wounded.
The bullfrog barely misses you. The centaur hits you!
The bullfrog closely misses you.
You hit the centaur.
The centaur looks as sick as possible!
Your squeeze misses the centaur.
The centaur is moderately wounded.
The centaur hits you. The bullfrog hits you.
* * * LOW HITPOINT WARNING * * *
Okay, then.
Your skin crawls.
You feel resistant to hostile enchantments.
You feel somewhat more hungry. The centaur completely misses you.
The bullfrog hits you.
* * * LOW HITPOINT WARNING * * *
The centaur hits you!
* * * LOW HITPOINT WARNING * * *
Unknown command.
A red film seems to cover your vision as you go berserk!
You feel yourself moving faster!
You feel mighty!
You are feeling very hungry.
The bullfrog closely misses you. The centaur completely misses you.
The bullfrog hits you.
* * * LOW HITPOINT WARNING * * *
Unknown command.
Unknown command.
You hit the centaur but do no damage.
The centaur looks as sick as possible!
The centaur is heavily wounded.
The centaur barely misses you. The bullfrog misses you.
Unknown command.
You barely miss the centaur.
The centaur is heavily wounded.
The centaur hits you!
* * * LOW HITPOINT WARNING * * *
The bullfrog hits you.
You die...

..# #.......
##.F. #.#
####.### #...$
#.# #.# #...c
#.# #.# #....
#.#########.#
#...
##...(.......#
#..
##...##########
######'##...##
.......c@...#
.......F....#
..........###
######+####


You could see a bullfrog and a centaur.

Vanquished Creatures
  The ghost of Mgcat the Skirmisher, an amateur DsCK of Xom (D:4)
  Sigmund (D:4)
  A wraith (Ossuary)
  Purgy (D:4)
  An ogre (D:5)
  A scorpion (D:4)
  An orc priest (D:3)
  A bullfrog skeleton (D:4)
  3 orc wizards
  2 iguanas
  Natasha (thrice) (D:4)
  3 mummies (Ossuary)
  Robin (D:4)
  6 adders
  A shadow imp (D:6)
  An ooze (D:4)
  A worm (D:5)
  3 dart slugs
  4 leopard geckos
  15 orcs
  4 bats
  7 giant cockroaches
  3 gnoll zombies (Ossuary)
  13 goblins
  10 hobgoblins
  11 jackals
  6 kobolds
  2 quokkas (D:3)
  5 frilled lizards
  3 goblin zombies (Ossuary)
  3 hobgoblin zombies (Ossuary)
  A kobold zombie (Ossuary)
  A quokka skeleton (D:4)
  6 rats
126 creatures vanquished.

Notes
Turn   | Place    | Note
-------+----------+-------------------------------------------
     0 | D:1      | Mgcat the Octopode Berserker began the quest for the Orb.
     0 | D:1      | Reached XP level 1. HP: 16/16 MP: 1/1
   112 | D:1      | Reached XP level 2. HP: 12/21 MP: 2/2
   142 | D:1      | HP: 5/21 [kobold (4)]
   398 | D:1      | Reached XP level 3. HP: 18/26 MP: 3/3
   587 | D:1      | Reached ** piety under Trog
   912 | D:2      | Found a stormy altar of Qazlal.
  1149 | D:2      | Reached XP level 4. HP: 24/33 MP: 4/4
  1221 | D:2      | Reached skill level 4 in Fighting
  1238 | D:2      | Reached skill level 4 in Long Blades
  2447 | D:4      | Reached XP level 5. HP: 36/38 MP: 5/5
  2452 | D:4      | Reached *** piety under Trog
  2566 | D:4      | Noticed Natasha
  2819 | D:4      | Killed Natasha
  2853 | D:4      | Reached skill level 5 in Fighting
  2853 | D:4      | Reached skill level 5 in Long Blades
  2875 | D:4      | Noticed Natasha
  2886 | D:4      | Killed Natasha
  2886 | D:4      | Reached XP level 6. HP: 20/45 MP: 6/6
  2920 | D:4      | Noticed Natasha
  2957 | D:4      | Noticed Mgcat's ghost (amateur DsCK)
  2959 | D:4      | Killed Natasha
  2965 | D:4      | HP: 2/45 [Mgcat's ghost (12)]
  3254 | D:4      | Killed Mgcat's ghost
  3254 | D:4      | Reached XP level 7. HP: 42/51 MP: 7/7
  3306 | D:4      | Noticed Robin
  3326 | D:4      | Killed Robin
  3344 | D:4      | Noticed Purgy
  3345 | D:4      | Reached skill level 6 in Long Blades
  3358 | D:4      | Killed Purgy
  3358 | D:4      | Reached skill level 6 in Fighting
  3448 | D:4      | Noticed Sigmund
  3461 | D:4      | Killed Sigmund
  3541 | D:4      | Reached XP level 8. HP: 56/58 MP: 8/8
  3633 | D:4      | Found Fyiv's Antique Armour Shop.
  3701 | D:4      | Got a scorched cloak
  4092 | D:5      | Entered Level 5 of the Dungeon
  4146 | D:5      | Reached skill level 7 in Fighting
  4361 | D:5      | Found a sand-covered staircase.
  4366 | Ossuary  | Entered an ossuary
  4366 | Ossuary  | Noticed a wraith
  4366 | Ossuary  | Noticed a wraith
  4366 | Ossuary  | Noticed a wraith
  4398 | Ossuary  | Reached **** piety under Trog
  4641 | Ossuary  | Noticed a wraith
  4660 | Ossuary  | Killed a wraith
  4660 | Ossuary  | Reached skill level 8 in Fighting
  5225 | D:5      | Found a staircase to the Ecumenical Temple.
  5509 | D:6      | HP: 11/62 [centaur (7)]
  5512 | D:6      | HP: 3/93 [centaur (10)]
  5512 | D:6      | Slain by a bullfrog

Skill      XL: |  1  2  3  4  5  6  7  8 |
---------------+-------------------------+-----
Fighting       | 4 5 6 8 |  8.4
Long Blades    | 4 5 6 |  6.8
Dodging        | |  3.0

Action                   |  1- 3 |  4- 6 |  7- 9 || total
-------------------------+-------+-------+-------++-------
Melee: Falchion          |    59 |    55 |       ||   114
       Constrict         |    22 |    27 |    27 ||    76
       Tentacles         |    14 |    18 |    39 ||    71
       Dagger            |       |    27 |   113 ||   140
 Fire: Hunting sling     |       |       |    46 ||    46
Throw: Stone             |       |     6 |     1 ||     7
Invok: Burn Spellbooks   |       |     1 |       ||     1
       Trog's Hand       |       |       |     3 ||     3
       Berserk           |       |       |     2 ||     2
  Use: Scroll            |       |     6 |       ||     6
       Potion            |       |     2 |     2 ||     4
 Stab: Sleeping          |     1 |     8 |     1 ||    10
  Eat: Chunk             |     1 |     6 |     6 ||    13
       Ration            |       |       |     1 ||     1
Armor: Skin              |     2 |     1 |     1 ||     4
Dodge: Dodged            |    44 |    41 |    70 ||   155
       Rpst.: Falchion   |    11 |     7 |       ||    18

Vault maps used:
D:1:      shiori_shiawase
D:2:      nicolae_qazlal_general_emergency
D:4:      serial_shops, shop, serial_bayou_pond_a, uniq_robin, uniq_purgy,
          uniq_sigmund, uniq_natasha
D:5:      minmay_temple_entry_hall, first_ration, nicolae_ossuary_entry_plus,
          serial_bayou_pond_c, nrook_pool_corridor
D:6:      kennysheep_six_static_rooms
Ossuary:  ossuary_kennysheep_city_of_the_dead

Table legend:
 A = Turns spent in this place as a percentage of turns spent in the entire game.
 B = Non-inter-level travel turns spent in this place as a percentage of non-inter-level travel turns spent in the entire game.
 C = Inter-level travel turns spent in this place as a percentage of turns spent in this place.
 D = Turns resting spent in this place as a percentage of non-inter-level travel turns spent in this place.
 E = Turns spent auto-exploring this place as a percentage of non-inter-level travel turns spent in this place.
 F = Non-inter-level travel turns spent in this place divided by the number of levels of this place that you've seen.
                   A       B       C       D       E      F
               +-------+-------+-------+-------+-------+----------------------
         Total | 100.0 | 100.0 |   4.8 |   6.9 |  74.8 | 750.0
       Dungeon |  87.1 |  86.5 |   5.5 |   8.0 |  74.3 | 756.7
       Ossuary |  12.9 |  13.5 |   0.0 |   0.0 |  78.0 | 710.0
               +-------+-------+-------+-------+-------+----------------------

Table legend:
 A = Kills in this place as a percentage of kills in entire the game.
 B = Kills by you in this place as a percentage of kills by you in the entire game.
 C = Kills by friends in this place as a percentage of kills by friends in the entire game.
 D = Other kills in this place as a percentage of other kills in the entire game.
 E = Experience gained in this place as a percentage of experience gained in the entire game.
 F = Experience gained in this place divided by the number of levels of this place that you have seen.
                   A       B       C       D       E      F
               +-------+-------+-------+-------+-------+----------------------
         Total | 100.0 | 100.0 |   N/A |   N/A | 100.0 | 254.3
       Dungeon |  88.9 |  88.9 |   N/A |   N/A |  85.3 | 253.2
       Ossuary |  11.1 |  11.1 |   N/A |   N/A |  14.7 | 261.0
               +-------+-------+-------+-------+-------+----------------------
